 Dungeon Crawl Stone Soup version 0.30-a0-672-gc3a7216ad8 (webtiles) character file.

Game seed: 10754005135033981892

839 Leeroy the Carver (level 8, -8/61 HPs)
             Began as a Meteoran Warper on Jan 18, 2023.
             Was a Priest of Uskayaw.
             Mangled by a wraith (10 damage)
             ... on level 6 of the Dungeon.
             The game lasted 00:05:14 (3514 turns).

Leeroy the Carver (Meteoran Warper)                 Turns: 3514, Time: 00:05:15

Health: -8/61      AC:  7    Str: 12    XL:     8   Next: 43%
Magic:  22/22      EV: 11    Int: 18    God:    Uskayaw [***...]
Gold:   235        SH:  0    Dex: 16    Spells: 7/12 levels left

rFire   . . .      SeeInvis .    D - +0 long sword
rCold   . . .      Faith    .    (no shield)
rNeg    . . .      Spirit   .    z - +1 ring mail "Arionia" {Int+3}
rPois   .          Reflect  .    (no helmet)
rElec   .          Harm     .    (no cloak)
rCorr   .          Rampage  .    s - +0 pair of gloves
Will    ++...                    (no boots)
Stlth   +                        (no amulet)
HPRegen 0.30/turn                v - ring of magical power
MPRegen 0.18/turn                r - ring of willpower

@: slowed, glowing, studying Shields, very slow
A: sense surroundings 1, otherworldly, glowing, explore regen
a: Renounce Religion, Stomp, Line Pass


You were on level 6 of the Dungeon.
You worshipped Uskayaw.
Uskayaw was noncommittal.
You visited 2 branches of the dungeon, and saw 7 of its levels.

You collected 235 gold pieces.

Inventory:

Hand Weapons
 a - a +0 falchion
 x - a +1 short sword of speed
 D - a +0 long sword (weapon)
Missiles
 d - 7 boomerangs of dispersal (quivered)
 q - 4 boomerangs
Armour
 b - a +0 leather armour
 h - a +0 pair of gloves
 k - a +0 plate armour
 s - a +0 pair of gloves (worn)
 z - the +1 ring mail "Arionia" (worn) {Int+3}
   (You found it on level 5 of the Dungeon)

   Int:       It affects your intelligence (+3).
Jewellery
 r - a ring of willpower (right hand)
 v - a ring of magical power (left hand)
Wands
 p - a wand of charming (14)
 y - a wand of flame (28)
Scrolls
 c - 2 scrolls of blinking
 e - 3 scrolls of fear {unknown}
 g - a scroll of enchant armour {unknown}
 m - 3 scrolls of enchant weapon {unknown}
 o - 2 scrolls of poison {unknown}
 t - a scroll of brand weapon {unknown}
 u - 2 scrolls of amnesia {unknown}
 w - a scroll of fog {unknown}
 A - a scroll of teleportation {unknown}
 B - a scroll of noise {unknown}
 C - a scroll of vulnerability {unknown}
 E - a scroll of identify {unknown}
Potions
 f - 5 potions of curing {unknown}
 i - 2 potions of brilliance {unknown}
 j - a potion of berserk rage {unknown}
 l - 2 potions of heal wounds {unknown}
 n - a potion of magic {unknown}


   Skills:
 - Level 2.1 Fighting
 + Level 10.6 Long Blades
 - Level 1.2 Throwing
 - Level 1.2 Armour
 - Level 2.4 Dodging
 - Level 2.6 Spellcasting
 - Level 3.6 Translocations


You had 7 spell levels left.
You knew the following spells:

 Your Spells              Type           Power      Damage    Failure   Level
a - Blink                 Tloc           30%        N/A       13%         2
b - Vhi's Electric Charg  Tloc/Air       16%        N/A       50%         3

Your spell library contained the following spells:

 Spells                   Type           Power      Damage    Failure   Level
 Lesser Beckoning         Tloc           30%        N/A       13%         2
 Teleport Other           Tloc           15%        N/A       26%         3
 Magic Dart               Conj           8%         1d3       36%         1
 Call Imp                 Summ           2%         N/A       50%         2
 Ensorcelled Hibernation  Hex/Ice        4%         N/A       50%         2
 Passwall                 Tmut/Erth      1%         N/A       50%         2
 Kindle Blastsparks       Fire/Tloc/Air  12%        2d11      56%         3
 Manifold Assault         Tloc           15%        N/A       65%         4
 Ignite Poison            Fire/Tmut/Pois 2%         N/A       75%         3
 Mephitic Cloud           Conj/Pois/Air  2%         N/A       75%         3
 Swiftness                Air            2%         N/A       75%         3
 Freezing Cloud           Conj/Ice/Air   1%         6-21      100%        5


Dungeon Overview and Level Annotations

Branches:
Dungeon (6/15) Zot: 334    Temple (1/1) D:5 Zot: 370

Altars:
Ashenzari
Cheibriados
Dithmenos
Elyvilon
Fedhas
Gozag
Hepliaklqana
Makhleb
Nemelex Xobeh
Okawaru
Ru
Sif Muna
Trog
Uskayaw
Vehumet
Wu Jian
Xom
Yredelemnul
Zin
The Shining One

Portals:
Abyss: D:4

Annotations:
D:4 2 transporters, gabibbone's ghost, novice OgFi


Innate Abilities, Weirdness & Mutations

You passively map a small area around you.
You are easily found by Zot.
You glow in the dark.
You regain HP and MP as you explore.


Message History

Uskayaw will force your foes to share their pain.
You hit the wraith but do no damage.
The wraith is almost destroyed.
The wraith completely misses you.
You closely miss the wraith.
The wraith is almost destroyed.
The wraith hits you but does no damage. The wraith closely misses you.
You closely miss the wraith.
The wraith is almost destroyed.
The wraith hits you. The wraith drains your vigour!
You feel as though you will be slow longer.
You hit the wraith.
The wraith is almost destroyed.
The wraith hits you but does no damage.
Uskayaw will force your foes to share their pain.
You hit the wraith but do no damage.
The wraith is almost destroyed.
The wraith hits you. The wraith drains your vigour!
You feel as though you will be slow longer.
You barely miss the wraith.
The wraith is almost destroyed.
The wraith hits you.
* * * LOW HITPOINT WARNING * * *
The wraith drains your vigour!
You feel as though you will be slow longer.
The wraith hits you.
* * * LOW HITPOINT WARNING * * *
You closely miss the wraith.
The wraith is almost destroyed.
The wraith misses you.
You hit the wraith but do no damage.
The wraith is almost destroyed.
The wraith hits you.
* * * LOW HITPOINT WARNING * * *
You closely miss the wraith.
The wraith is almost destroyed.
The wraith hits you.
* * * LOW HITPOINT WARNING * * *
The wraith hits you!
You die...

* , * * , * * * , , ,
* * ,** ** , ,, , , *
, ,, , ####### , , ,
, , ###..~~~## , * *
#~W@####.##, * *
####...~~##+ ,##.# *
* * #.#..### , #.# *
#.# #.....#.# * * #.#
, #P...P#~#
####.##.....#)~P..#~#
* *
#.....#PP.~~#.):~~#~#
#.##..#.PP.~#≈≈.≈≈#~#
#.....#?.~$)##SSS##~#
**


You could see a wraith.

Vanquished Creatures
  A sky beast (D:6)
  An ice beast (D:5)
  A centaur (D:5)
  A scorpion (D:5)
  A howler monkey (D:5)
  5 hounds
  A jelly (D:5)
  An iguana (D:4)
  Natasha (thrice) (D:4)
  9 adders
  4 gnolls (D:6)
  An ufetubus (D:6)
  A worm (D:2)
  A dart slug (D:3)
  4 orcs
  4 ball pythons
  3 bats
  2 endoplasms (D:1)
  5 giant cockroaches
  10 goblins
  5 hobgoblins
  2 jackals (D:3)
  11 kobolds
  2 quokkas (D:4)
  A frilled lizard (D:3)
  8 rats
88 creatures vanquished.

Notes
Turn   | Place    | Note
-------+----------+-------------------------------------------
     0 | D:1      | Leeroy the Meteoran Warper began the quest for the Orb.
     0 | D:1      | Reached XP level 1. HP: 17/17 MP: 5/5
    86 | D:1      | Reached skill level 3 in Long Blades
    86 | D:1      | Reached XP level 2. HP: 24/24 MP: 6/6
   198 | D:1      | Reached XP level 3. HP: 29/29 MP: 8/8
   264 | D:1      | Reached skill level 4 in Long Blades
   495 | D:1      | Glimpsed the power of Zot.
   545 | D:1      | Glimpsed the power of Zot.
   585 | D:1      | Glimpsed the power of Zot.
   679 | D:2      | Learned a level 2 spell: Blink
   683 | D:2      | Learned a level 3 spell: Vhi's Electric Charge
   789 | D:2      | Found a faded altar of an unknown god.
   795 | D:2      | Reached XP level 4. HP: 34/36 MP: 9/9
  1187 | D:3      | Reached skill level 5 in Long Blades
  1461 | D:3      | Found a white marble altar of Elyvilon.
  1461 | D:3      | Found a bloodstained altar of Trog.
  1467 | D:3      | Found an iron altar of Okawaru.
  1469 | D:3      | Found a faded altar of an unknown god.
  1473 | D:3      | Found a sacrificial altar of Ru.
  1690 | D:3      | Glimpsed the power of Zot.
  1741 | D:4      | Reached XP level 5. HP: 29/41 MP: 10/10
  1821 | D:4      | Noticed Natasha
  1828 | D:4      | Killed Natasha
  1829 | D:4      | Reached skill level 6 in Long Blades
  1836 | D:4      | Found a transporter.
  1863 | D:4      | Found a one-way gate to the infinite horrors of the Abyss.
  1863 | D:4      | Noticed gabibbone's ghost (novice OgFi)
  1871 | D:4      | Found a transporter.
  1979 | D:4      | Noticed a small abomination
  2042 | D:4      | Noticed Natasha
  2051 | D:4      | Killed Natasha
  2052 | D:4      | Reached XP level 6. HP: 26/48 MP: 11/11
  2071 | D:4      | Noticed Natasha
  2088 | D:4      | Killed Natasha
  2089 | D:4      | Reached skill level 7 in Long Blades
  2309 | D:4      | Glimpsed the power of Zot.
  2359 | D:4      | Glimpsed the power of Zot.
  2384 | D:5      | Entered Level 5 of the Dungeon
  2438 | D:5      | Noticed a centaur
  2448 | D:5      | Killed a centaur
  2449 | D:5      | Reached skill level 8 in Long Blades
  2449 | D:5      | Reached XP level 7. HP: 29/55 MP: 12/12
  2487 | D:5      | Identified the +1 ring mail "Arionia" {Int+3}
  2589 | D:5      | Reached skill level 9 in Long Blades
  2751 | D:5      | Found a staircase to the Ecumenical Temple.
  2770 | Temple   | Entered the Ecumenical Temple
  2868 | Temple   | Became a worshipper of Uskayaw the Reveller
  3002 | D:5      | Reached * piety under Uskayaw
  3027 | D:5      | Reached XP level 8. HP: 43/61 MP: 13/13
  3039 | D:5      | Reached ** piety under Uskayaw
  3157 | D:5      | Glimpsed the power of Zot.
  3207 | D:5      | Glimpsed the power of Zot.
  3247 | D:5      | Glimpsed the power of Zot.
  3408 | D:6      | Reached skill level 10 in Long Blades
  3412 | D:6      | Reached *** piety under Uskayaw
  3414 | D:6      | Reached **** piety under Uskayaw
  3481 | D:6      | Noticed a wraith
  3514 | D:6      | HP: 2/61 [wraith (2)]
  3514 | D:6      | Mangled by a wraith

Illustrated notes

Levels and vault maps discovered:
D:1:      sevenhm_arrival_forest_fort_large_4, layout_loops_cross
D:2:      layout_rooms, ebering_ecumenical_altar_rust, grunt_decor_arrowhead
D:3:      layout_loops_ring, chequers_temple_overflow_minitemple, st_stairs_13
D:4:      layout_basic, kennysheep_mini, gammafunk_ghost_abyssal_escape,
          uniq_natasha
D:5:      layout_basic, minmay_temple_entry_offerings, minmay_misc_feat_five
D:6:      cheibrodos_two_vegetables, layout_loops_cross
Temple:   minmay_temple_bridge_d

Skill      XL: |  1  2  3  4  5  6  7  8 |
---------------+-------------------------+-----
Long Blades    | 3 4 5 6 8 9 10 | 10.6
Fighting       | |  2.1
Throwing       | |  1.2
Armour         | |  1.2
Dodging        | |  2.4
Spellcasting   | |  2.6
Translocations | |  3.6

Action                   |  1- 3 |  4- 6 |  7- 9 || total
-------------------------+-------+-------+-------++-------
Melee: Falchion          |    71 |   137 |   114 ||   322
       Short sword       |       |    34 |       ||    34
       Long sword        |       |       |    51 ||    51
       Punch             |       |       |     1 ||     1
 Stab: Paralysed         |       |       |     3 ||     3
Armor: Leather armour    |    23 |    60 |     5 ||    88
       Ring mail         |       |       |    70 ||    70
Dodge: Dodged            |    27 |   105 |    57 ||   189

Table legend: (Time is in decaauts)
 A = Elapsed time spent in this place.
 B = Non-inter-level travel time spent in this place.
 C = Inter-level travel time spent in this place.
 D = Time resting spent in this place.
 E = Time spent auto-exploring this place.
 F = Levels seen in this place.
 G = Mean time per level.
                   A        B        C        D        E       F      G
               +--------+--------+--------+--------+--------+-----+--------+
         Total |   3493 |   3378 |    115 |      0 |   2494 |   7 |  499.0 |
       Dungeon |   3263 |   3171 |     92 |      0 |   2310 |   6 |  543.8 |
        Temple |    229 |    206 |     23 |      0 |    184 |   1 |  229.0 |
               +--------+--------+--------+--------+--------+-----+--------+

Top non-repeatable levels by time:
     D:5: 771 daAuts
     D:3: 735 daAuts
     D:4: 639 daAuts
     D:1: 598 daAuts
     D:2: 401 daAuts
  Temple: 229 daAuts
     D:6: 117 daAuts
